 Dungeon Crawl Stone Soup version 0.17.1-3-g152610e (webtiles) character file.

8275 CcS the Nimble (level 11, -6/72 HPs)
             Began as a Tengu Berserker on Mar 21, 2016.
             Was a High Priest of Trog.
             Killed from afar by a gargoyle (18 damage)
             ... with a stone arrow
             ... on level 10 of the Dungeon.
             The game lasted 00:17:12 (7973 turns).

CcS the Nimble (Tengu Berserker)                    Turns: 7973, Time: 00:17:12

Health: -6/72      AC: 12    Str: 20    XL:     11   Next: 28%
Magic:  21/21      EV: 18    Int:  9    God:    Trog [*****.]
Gold:   529        SH:  0    Dex: 16    Spells: 0 memorised, 10 levels left

rFire  . . .     SeeInvis .     L - +3 hand axe (freeze)
rCold  + . .     Clarity  .     u - +2 ring mail {rC+}
rNeg   . . .     SustAt   .     (no shield)
rPois  .         Gourm    .     (helmet restricted)
rElec  .         Spirit   .     (no cloak)
rCorr  .         Warding  .     x - +2 pair of gloves
rMut   .         Stasis   .     (boots unavailable)
MR     .....                    (no amulet)
Stlth  +.........               f - +3 ring of strength
                                e - ring of magical power {MP+9}

@: exhausted, slowed, very slow, not resistant to hostile enchantments, very
unstealthy
A: beak, talons 3, able to fly 1
a: Fly, Berserk, Trog's Hand, Brothers in Arms, Burn Spellbooks, Renounce
Religion


You were on level 10 of the Dungeon.
You worshipped Trog.
Trog was extremely pleased with you.
You were near starving.

You visited 1 branch of the dungeon, and saw 10 of its levels.

You collected 529 gold pieces.

Inventory:

Hand Weapons
 a - a +0 hand axe
 L - a +3 hand axe of freezing (weapon)
   (You took it off a wight on level 8 of the Dungeon)
 R - a +3 hand crossbow of freezing
   (Trog gifted it to you on level 10 of the Dungeon)
Missiles
 y - a throwing net {=f, !d}
Armour
 u - a +2 ring mail of cold resistance (worn)
   (You found it on level 2 of the Dungeon)
 x - a +2 pair of gloves (worn)
   (You found it on level 3 of the Dungeon)
 z - the +2 robe of Pofrust {rF+ rCorr, unknown}
   (You found it on level 4 of the Dungeon)

   It protects you from fire.
   It protects you from acid and corrosion.
Jewellery
 e - a ring of magical power (left hand) {MP+9}
   (You found it on level 1 of the Dungeon)
 f - a +3 ring of strength (right hand)
   (You found it on level 1 of the Dungeon)
 p - a cursed -3 ring of protection {unknown}
   (You found it on level 3 of the Dungeon)
 D - a cursed amulet of inaccuracy {unknown}
   (You found it on level 4 of the Dungeon)
 H - a +2 ring of intelligence {unknown}
   (You found it on level 6 of the Dungeon)
 N - an uncursed ring of poison resistance {unknown}
   (You found it on level 7 of the Dungeon)
 P - a cursed ring of teleportation {unknown}
   (You found it on level 9 of the Dungeon)
Wands
 v - a wand of slowing (15)
   (You found it on level 3 of the Dungeon)
 w - a wand of cold (9)
   (You found it on level 3 of the Dungeon)
 O - a wand of teleportation (7)
   (You found it on level 7 of the Dungeon)
Scrolls
 d - a scroll of enchant weapon
 i - 2 scrolls of enchant armour
 m - 5 scrolls of teleportation
 n - 5 scrolls of remove curse
 o - a scroll of amnesia
 r - 2 scrolls of immolation {!r}
 A - 10 scrolls of identify
 E - 2 scrolls of recharging
 K - a scroll of vulnerability {!r!r}
Potions
 g - a potion of resistance {unknown}
 h - a potion of cancellation
 j - a potion of heal wounds {unknown}
 k - 2 potions of brilliance
 l - 2 potions of agility
 q - 3 potions of might
 s - a potion of magic {unknown}
 t - a potion of curing
 B - 2 potions of degeneration {unknown}
 C - a potion of flight {unknown}
 J - a potion of lignification {unknown}
Books
 I - a book of Unlife
   (You found it on level 5 of the Dungeon)
 M - a book of Annihilations
   (You found it on level 9 of the Dungeon)
Comestibles
 b - 9 meat rations {@e2}
 c - 12 bread rations {@e1}
 F - a royal jelly
 G - 2 slices of pizza
 Q - 3 chunks of flesh {@w0}
 S - a beef jerky


   Skills:
 - Level 10.1 Fighting
 - Level 10.2 Axes
 - Level 7.3 Armour
 + Level 10.3 Dodging


You had 10 spell levels left.
You didn't know any spells.

Dungeon Overview and Level Annotations

Branches:
Dungeon (10/15)            Temple (0/1) D:6            Lair (0/8) D:8
    Orc (0/4) D:9

Altars:
Dithmenos
Elyvilon
Gozag
Okawaru
Qazlal
Ru
Sif Muna
Vehumet
Xom
Zin
The Shining One

Shops:
D:2 *


Innate Abilities, Weirdness & Mutations

You have a beak for a mouth.
You have claws for feet.
You can fly.


Message History

You slash the scorpion! You freeze the scorpion.
You kill the scorpion!
Trog accepts your kill.
The gargoyle hurls a stone arrow at you.
The stone arrow hits you!
The gargoyle hits you with a morningstar!!
You take 19 damage, and have 53/72 hp.
MASSIVE DAMAGE!!
You hit the gargoyle but do no damage. You barely miss the gargoyle.
You claw the gargoyle, but do no damage.
Your peck misses the gargoyle.
The gargoyle hits you with a morningstar!
You take 12 damage, and have 42/72 hp.
You hit the gargoyle but do no damage.
You peck the gargoyle, but do no damage.
The gargoyle hits you but does no damage.
You are feeling hungry.
You hit the gargoyle but do no damage.
You peck the gargoyle, but do no damage.
You hit the gargoyle. You freeze the gargoyle. You claw the gargoyle.
The gargoyle hits you with a morningstar!
You take 11 damage, and have 31/72 hp.
You are too injured to fight recklessly!
Unknown command.
A red film seems to cover your vision as you go berserk!
You feel yourself moving faster!
You feel mighty!
You feel somewhat more hungry. The gargoyle barely misses you.
You now have 47/108 hp.
You feel a strong urge to attack something.
You see here a scroll of identify.
The gargoyle hits you with a morningstar!!
* * * LOW HITPOINT WARNING * * *
You take 20 damage, and have 27/108 hp.
You feel your anger subside.
Unknown command.
You are no longer berserk.
You are exhausted.
You feel yourself slow down.
You are feeling very hungry.
You now have 18/72 hp.
Drink which item? (? for menu, Esc to quit)
You feel better. The gargoyle completely misses you.
You regained 12 hp, and now have 30/72 hp.
Drink which item? (? for menu, Esc to quit)
You feel better.
You are near starving!
The gargoyle hurls a stone arrow at you.
The stone arrow misses you.
The gargoyle hits you with a morningstar.
You regained 7 hp, and now have 37/72 hp.
You hit the gargoyle but do no damage.
You claw the gargoyle, but do no damage.
The gargoyle closely misses you.
Unknown command.
You hit the gargoyle but do no damage.
You claw the gargoyle, but do no damage.
Unknown command.
You hit the gargoyle but do no damage.
You claw the gargoyle, but do no damage.
The gargoyle barely misses you.
Unknown command.
You hit the gargoyle but do no damage.
You claw the gargoyle, but do no damage.
The gargoyle closely misses you.
Unknown command.
You hit the gargoyle but do no damage.
You peck the gargoyle, but do no damage.
The gargoyle hurls a stone arrow at you.
The stone arrow misses you.
Unknown command.
You hit the gargoyle but do no damage.
You claw the gargoyle, but do no damage.
The gargoyle barely misses you.
Unknown command.
You hit the gargoyle but do no damage.
You claw the gargoyle, but do no damage.
The gargoyle hits you with a morningstar!
You take 7 damage, and have 31/72 hp.
Unknown command.
You slash the gargoyle! You freeze the gargoyle.
You peck the gargoyle, but do no damage.
The gargoyle misses you.
Unknown command.
You completely miss the gargoyle.
The gargoyle hits you with a morningstar!
* * * LOW HITPOINT WARNING * * *
You take 11 damage, and have 20/72 hp.
Unknown command.
You hit the gargoyle but do no damage.
You claw the gargoyle, but do no damage.
You peck the gargoyle, but do no damage.
The gargoyle hits you with a morningstar!
* * * LOW HITPOINT WARNING * * *
You take 8 damage, and have 12/72 hp.
Unknown command.
You hit the gargoyle but do no damage. Your kick misses the gargoyle.
The gargoyle hurls a stone arrow at you.
The stone arrow hits you!
You die...

##..#
#........#
#..##
#.........
#.##
#(......>#
#.#
#.<......#
#.#
######.###
####'######
##.....###
#.........#
...........
#.........+
...........
#.......@.#
...........
#..."..?9.#
...........
#.........#
...........
#....[....#
...........
#.........#
###########
#.........#
#.........#
###########


You could see a gargoyle.

Vanquished Creatures
  Erica (D:8)
  Pikel (D:8)
  The ghost of Gargoyl the Covered, a novice DsAK of Lugonu (D:9)
  A merfolk (D:9)
  Prince Ribbit (D:7)
  6 yaks (D:8)
  A hippogriff (D:7)
  2 basilisks (D:8)
  Menkaure (D:7)
  A porcupine (D:8)
  Duvessa (D:7)
  2 sky beasts (D:5)
  2 slaves (D:8)
  An orc warrior (D:6)
  4 ogres
  10 centaurs
  A phantom (D:4)
  The ghost of Lawiras the Shield-Bearer, an amateur GrFi (D:3)
  A big kobold (D:8)
  3 giant frogs (D:6)
  A crocodile (D:8)
  A wyvern zombie (D:8)
  A water moccasin zombie (D:6)
  Dowan (D:7)
  12 killer bees
  3 scorpions
  8 crimson imps
  A jelly (D:9)
  2 orc priests
  12 wights
  A centaur skeleton (D:6)
  Ijyb (D:3)
  A giant frog skeleton (D:9)
  7 hounds
  3 iguanas
  6 worker ants
  11 orc wizards
  8 river rats (D:8)
  2 worker ant zombies
  7 gnolls
  A shadow imp (D:8)
  10 adders
  An ooze (D:6)
  An adder zombie (D:9)
  2 worms (D:2)
  4 giant geckos
  47 orcs
  4 bats
  2 giant cockroaches
  7 hobgoblins
  10 jackals
  6 quokkas
  A ball python (D:2)
  14 giant newts
  6 goblins
  9 kobolds
  12 rats
268 creatures vanquished.

Vanquished Creatures (others)
  2 slaves (D:8)
  A killer bee (D:8)
3 creatures vanquished.

Grand Total: 271 creatures vanquished

Notes
Turn   | Place    | Note
--------------------------------------------------------------
     0 | D:1      | CcS the Tengu Berserker began the quest for the Orb.
     0 | D:1      | Reached XP level 1. HP: 14/14 MP: 2/2
    61 | D:1      | Reached XP level 2. HP: 16/19 MP: 3/3
   289 | D:1      | Reached skill level 4 in Axes
   525 | D:1      | Reached ** piety under Trog
   715 | D:1      | Reached XP level 3. HP: 23/23 MP: 4/4
   970 | D:2      | Reached skill level 5 in Axes
  1132 | D:2      | Reached XP level 4. HP: 19/28 MP: 5/5
  1617 | D:2      | Found Zin's Purification Station.
  1627 | D:2      | Found a glowing silver altar of Zin.
  1820 | D:3      | Reached *** piety under Trog
  1820 | D:3      | Reached skill level 6 in Axes
  1820 | D:3      | Gained mutation: You can fly. [Tengu growth]
  1820 | D:3      | Reached XP level 5. HP: 32/32 MP: 6/6
  1898 | D:3      | Noticed Lawiras's ghost (amateur GrFi)
  1908 | D:3      | Killed Lawiras's ghost
  1908 | D:3      | Reached skill level 7 in Axes
  1917 | D:3      | Reached XP level 6. HP: 33/37 MP: 7/7
  1931 | D:3      | HP: 7/37 [orc/flail of protection (4)]
  2091 | D:3      | Noticed Ijyb
  2111 | D:3      | Killed Ijyb
  2496 | D:4      | Reached skill level 8 in Axes
  2507 | D:4      | Got an ancient robe
  2901 | D:4      | Found a glowing golden altar of the Shining One.
  2901 | D:4      | Found a shadowy altar of Dithmenos.
  2903 | D:4      | Found a radiant altar of Vehumet.
  2971 | D:4      | Reached XP level 7. HP: 41/41 MP: 8/8
  3081 | D:4      | Reached skill level 9 in Axes
  3298 | D:5      | Entered Level 5 of the Dungeon
  3627 | D:5      | Reached skill level 10 in Axes
  3627 | D:5      | Reached XP level 8. HP: 20/46 MP: 9/9
  3646 | D:5      | HP: 15/69 [centaur/arrow (7)]
  3653 | D:5      | Reached skill level 4 in Fighting
  3815 | D:5      | Reached skill level 5 in Fighting
  3981 | D:5      | Found an iron altar of Okawaru.
  4048 | D:5      | Found a shimmering altar of Xom.
  4088 | D:5      | Found a deep blue altar of Sif Muna.
  4251 | D:6      | Reached skill level 6 in Fighting
  4493 | D:6      | Found a staircase to the Ecumenical Temple.
  4510 | D:6      | Reached skill level 7 in Fighting
  4512 | D:6      | Reached **** piety under Trog
  4517 | D:6      | Reached XP level 9. HP: 49/57 MP: 10/10
  4753 | D:6      | Reached skill level 8 in Fighting
  5200 | D:7      | Noticed Duvessa
  5201 | D:7      | Noticed Dowan
  5211 | D:7      | Killed Duvessa
  5211 | D:7      | Reached skill level 9 in Fighting
  5215 | D:7      | Killed Dowan
  5396 | D:7      | Noticed Prince Ribbit
  5407 | D:7      | Killed Prince Ribbit
  5407 | D:7      | Reached skill level 10 in Fighting
  5558 | D:7      | Found a stormy altar of Qazlal.
  5563 | D:7      | Found a white marble altar of Elyvilon.
  5657 | D:7      | Found a sacrificial altar of Ru.
  5818 | D:7      | Reached skill level 3 in Armour
  5869 | D:7      | Noticed Menkaure
  5914 | D:7      | Killed Menkaure
  5914 | D:7      | Reached skill level 4 in Armour
  5972 | D:8      | Noticed Pikel
  5982 | D:8      | Killed Pikel
  5982 | D:8      | Reached skill level 5 in Armour
  5982 | D:8      | Reached skill level 3 in Dodging
  5982 | D:8      | Reached XP level 10. HP: 68/68 MP: 11/11
  6032 | D:8      | Reached skill level 4 in Dodging
  6271 | D:8      | Reached skill level 6 in Armour
  6271 | D:8      | Reached skill level 5 in Dodging
  6288 | D:8      | Found a staircase to the Lair.
  6343 | D:8      | Noticed Erica
  6353 | D:8      | Killed Erica
  6353 | D:8      | Reached skill level 7 in Armour
  6353 | D:8      | Reached skill level 6 in Dodging
  6360 | D:8      | Reached ***** piety under Trog
  6361 | D:8      | Reached skill level 7 in Dodging
  6570 | D:8      | Reached skill level 8 in Dodging
  6683 | D:9      | Found an opulent altar of Gozag.
  6786 | D:9      | Reached XP level 11. HP: 63/72 MP: 12/12
  6811 | D:9      | Found a staircase to the Orcish Mines.
  6915 | D:9      | Noticed Gargoyl's ghost (novice DsAK)
  6926 | D:9      | Killed Gargoyl's ghost
  6926 | D:9      | Reached skill level 9 in Dodging
  7446 | D:9      | Reached skill level 10 in Dodging
  7686 | D:10     | Entered Level 10 of the Dungeon
  7789 | D:10     | Received a gift from Trog
  7958 | D:10     | HP: 27/108 [gargoyle/morningstar (20)]
  7972 | D:10     | HP: 12/72 [gargoyle/morningstar (9)]
  7973 | D:10     | Killed from afar by a gargoyle

Action                   |  1- 3 |  4- 6 |  7- 9 | 10-12 || total
-------------------------+-------+-------+-------+-------++-------
Melee: Hand axe          |    76 |   145 |   330 |   361 ||   912
Invok: Berserk           |     3 |     5 |     8 |     6 ||    22
       Trog's Hand       |       |     2 |     3 |     2 ||     7
       Burn Spellbooks   |       |       |     1 |       ||     1
 Abil: Fly               |       |     1 |     1 |     2 ||     4
  Use: Potion            |       |     3 |       |     2 ||     5
       Scroll            |       |     2 |       |    13 ||    15
 Stab: Sleeping          |     4 |       |       |       ||     4
  Eat: Chunk             |     2 |     7 |    18 |     9 ||    36
       Bread ration      |     1 |       |       |     1 ||     2
       Beef jerky        |       |       |     1 |       ||     1

Vault maps used:
D:1:      grunt_arrival_crossed_arrows, minmay_newt_pond
D:2:      zin_purify, minivault_23, eino_tiny_chamber
D:3:      first_bread, uniq_iyjb
D:4:      grunt_temple_overflow_open
D:5:      old_standard_altar, okawaru_metal_pillars_1_2, kennysheep_little_box
D:6:      minmay_temple_entry_statues_fountains
D:7:      nicolae_overflow_hidden_temple, uniq_menkaure, uniq_duvessa,
          uniq_prince_ribbit1
D:8:      minmay_lair_entry_grove, kennysheep_cluttered_room, uniq_erica,
          uniq_pikel
D:9:      grunt_gozag_statues, hiddenorc2_lemuel, hangedman_fish_farm
D:10:     serial_shops, shop

Table legend:
 A = Turns spent in this place as a percentage of turns spent in the entire game.
 B = Non-inter-level travel turns spent in this place as a percentage of non-inter-level travel turns spent in the entire game.
 C = Inter-level travel turns spent in this place as a percentage of turns spent in this place.
 D = Turns resting spent in this place as a percentage of non-inter-level travel turns spent in this place.
 E = Turns spent auto-exploring this place as a percentage of non-inter-level travel turns spent in this place.
 F = Non-inter-level travel turns spent in this place divided by the number of levels of this place that you've seen.
                   A       B       C       D       E      F
               +-------+-------+-------+-------+-------+----------------------
         Total | 100.0 | 100.0 |   0.4 |   4.2 |   9.8 | 286.5
       Dungeon | 100.0 | 100.0 |   0.4 |   4.2 |   9.8 | 286.5
               +-------+-------+-------+-------+-------+----------------------

Table legend:
 A = Kills in this place as a percentage of kills in entire the game.
 B = Kills by you in this place as a percentage of kills by you in the entire game.
 C = Kills by friends in this place as a percentage of kills by friends in the entire game.
 D = Other kills in this place as a percentage of other kills in the entire game.
 E = Experience gained in this place as a percentage of experience gained in the entire game.
 F = Experience gained in this place divided by the number of levels of this place that you have seen.
                   A       B       C       D       E      F
               +-------+-------+-------+-------+-------+----------------------
         Total | 100.0 | 100.0 |  -nan |  -nan | 100.0 | 1182.2
       Dungeon | 100.0 | 100.0 |  -nan |  -nan | 100.0 | 1182.2
               +-------+-------+-------+-------+-------+----------------------
